 Dungeon Crawl Stone Soup version 0.24.0-1-gfbc8707 (webtiles) character file.

Game seed: 2771029046572385202, levelgen mode: deterministic

93 Buxparty the Magician (level 4, 0/38 HPs)
             Began as a Gnoll Wanderer on Jan 8, 2020.
             Slain by Ijyb
             ... wielding a +0 dagger of draining
              (3 damage)
             ... on level 3 of the Dungeon.
             The game lasted 00:04:23 (2264 turns).

Buxparty the Magician (Gnoll Wanderer)              Turns: 2264, Time: 00:04:24

Health: 0/38       AC:  2    Str: 16    XL:     4   Next: 62%
Magic:  11/11      EV: 11    Int: 15    God:
Gold:   133        SH:  0    Dex: 13    Spells: 13/13 levels left

rFire    . . .     SeeInvis .   a - +2 dagger
rCold    . . .     Gourm    .   (no shield)
rNeg     . . .     Faith    .   d - +0 robe
rPois    .         Spirit   .   (no helmet)
rElec    .         Reflect  .   (no cloak)
rCorr    .         Harm     .   (no gloves)
MR       .....                  (no boots)
Stlth    ++........             (no amulet)
HPRegen  0.12/turn              (no ring)
MPRegen  0.12/turn              (no ring)

@: drained
A: distributed training, fangs 1, strong nose
a: no special abilities


You were on level 3 of the Dungeon.
You were not hungry.

You visited 1 branch of the dungeon, and saw 3 of its levels.

You collected 133 gold pieces.

Inventory:

Hand Weapons
 a - a +2 dagger (weapon)
 c - a +0 falchion
 e - a +0 hunting sling of velocity
 n - a +0 dagger of venom
Missiles
 k - 16 poisoned darts (quivered)
 m - 20 arrows
 q - 40 bolts
 r - 7 silver boomerangs
Armour
 d - a +0 robe (worn)
 l - a +0 scale mail
Jewellery
 o - a +3 ring of strength {unknown}
Scrolls
 g - 2 scrolls of amnesia {unknown}
 h - 3 scrolls of remove curse {unknown}
 j - a scroll of fear {unknown}
 p - a scroll of fog {unknown}
 s - a scroll of teleportation {unknown}
 t - a scroll of random uselessness {unknown}
 u - 2 scrolls of identify {unknown}
Potions
 b - 3 potions of heal wounds
 i - 3 potions of ambrosia {unknown}
Comestibles
 f - 3 rations


   Skills:
 + Level 4.6(3.9) Fighting
 + Level 1.2(0.5) Short Blades
 + Level 2.8(2.1) Long Blades
 + Level 1.2(0.5) Axes
 + Level 1.2(0.5) Maces & Flails
 + Level 1.2(0.5) Polearms
 + Level 1.2(0.5) Staves
 + Level 1.2(0.5) Slings
 + Level 1.2(0.5) Bows
 + Level 1.2(0.5) Crossbows
 + Level 1.2(0.5) Throwing
 + Level 1.2(0.5) Armour
 + Level 1.2(0.5) Dodging
 + Level 2.6(1.9) Stealth
 + Level 1.2(0.5) Shields
 + Level 1.2(0.5) Unarmed Combat
 + Level 5.1(4.3) Spellcasting
 + Level 1.0(0.3) Conjurations
 + Level 2.2(1.5) Hexes
 + Level 1.0(0.3) Charms
 + Level 1.0(0.3) Summonings
 + Level 3.8(3.1) Necromancy
 + Level 1.0(0.3) Translocations
 + Level 1.0(0.3) Transmutations
 + Level 1.0(0.3) Fire Magic
 + Level 1.0(0.3) Ice Magic
 + Level 1.0(0.3) Air Magic
 + Level 1.0(0.3) Earth Magic
 + Level 1.0(0.3) Poison Magic
 + Level 1.3(0.6) Invocations
 + Level 2.8(2.1) Evocations


You had 13 spell levels left.
You didn't know any spells.
Your spell library was empty.

Dungeon Overview and Level Annotations

Branches:
Dungeon (3/15)

Altars:
Sif Muna

Annotations:
D:3 Ijyb


Innate Abilities, Weirdness & Mutations

Your experience applies equally to all skills.
You have very sharp teeth.
Your uncanny sense of smell can sniff out nearby items.


Message History

Ijyb is lightly wounded.
Ijyb screams, "You nasty!
Big nasty!"
Ijyb hits you with a +0 dagger of draining.
* * * LOW HITPOINT WARNING * * *
You feel drained.
You closely miss Ijyb.
Ijyb is moderately wounded.
Ijyb hits you with a +0 dagger of draining.
* * * LOW HITPOINT WARNING * * *
You feel drained.
You hit Ijyb. You bite Ijyb, but do no damage.
Ijyb is heavily wounded.
Ijyb hits you with a +0 dagger of draining.
* * * LOW HITPOINT WARNING * * *
You feel drained.
* * * LOW HITPOINT WARNING * * *
You hit Ijyb. Your bite misses Ijyb.
Ijyb is severely wounded.
Ijyb hits you with a +0 dagger of draining.
You die...

.. #.####.####.# ..
#.# #.# #.# ... #.#
#.# #.# ...# #.#
#.# #.#
#..)###.####.# #.#
#............# #.#
...##...###### #.#
##.##.###########.#
............(...@.#
##.##...........g.#
# #############(#
(# (# ∆ .# .# .#


You could see Ijyb.

Vanquished Creatures
  A hound (D:2)
  An ooze (D:1)
  A worm (D:3)
  3 dart slugs
  A leopard gecko (D:3)
  An orc (D:3)
  5 giant cockroaches (D:1)
  4 goblins
  11 hobgoblins
  4 kobolds
  A quokka (D:2)
  A ball python (D:1)
  6 bats
  2 frilled lizards (D:1)
  3 rats
45 creatures vanquished.

Notes
Turn   | Place    | Note
-------+----------+-------------------------------------------
     0 | D:1      | Buxparty the Gnoll Wanderer began the quest for the Orb.
     0 | D:1      | Buxparty set off with the following items: a +2 dagger, a
                  | potion of heal wounds, a +0 falchion, a +0 robe, a ration
     0 | D:1      | Reached XP level 1. HP: 20/20 MP: 6/6
   345 | D:1      | Reached XP level 2. HP: 17/26 MP: 7/7
  1057 | D:1      | Reached XP level 3. HP: 13/31 MP: 9/9
  1064 | D:1      | Reached skill level 5 in Spellcasting
  1482 | D:2      | Found a shimmering blue altar of Sif Muna.
  1541 | D:2      | Reached skill level 1 in Short Blades
  1541 | D:2      | Reached skill level 1 in Axes
  1541 | D:2      | Reached skill level 1 in Maces & Flails
  1541 | D:2      | Reached skill level 1 in Polearms
  1541 | D:2      | Reached skill level 1 in Staves
  1541 | D:2      | Reached skill level 1 in Slings
  1541 | D:2      | Reached skill level 1 in Bows
  1541 | D:2      | Reached skill level 1 in Crossbows
  1541 | D:2      | Reached skill level 1 in Throwing
  1541 | D:2      | Reached skill level 1 in Armour
  1541 | D:2      | Reached skill level 1 in Dodging
  1541 | D:2      | Reached skill level 1 in Shields
  1541 | D:2      | Reached skill level 1 in Unarmed Combat
  1541 | D:2      | Reached skill level 1 in Invocations
  1541 | D:2      | Reached XP level 4. HP: 38/38 MP: 11/11
  2253 | D:3      | Reached skill level 1 in Conjurations
  2253 | D:3      | Reached skill level 1 in Charms
  2253 | D:3      | Reached skill level 1 in Summonings
  2253 | D:3      | Reached skill level 1 in Translocations
  2253 | D:3      | Reached skill level 1 in Transmutations
  2253 | D:3      | Reached skill level 1 in Fire Magic
  2253 | D:3      | Reached skill level 1 in Ice Magic
  2253 | D:3      | Reached skill level 1 in Air Magic
  2253 | D:3      | Reached skill level 1 in Earth Magic
  2253 | D:3      | Reached skill level 1 in Poison Magic
  2254 | D:3      | Noticed Ijyb
  2264 | D:3      | Slain by Ijyb

Levels and vault maps discovered:
D:1:      lemuel_arrival_behind_the_door_small, layout_basic,
          hangedman_decor_peaks_small, item_on_display_a
D:2:      layout_basic, lemuel_round_altar
D:3:      layout_loops_ring, first_ration, uniq_ijyb

Skill      XL: |  1  2  3  4 |
---------------+-------------+-----
Hexes          | 2 |  2.2
Spellcasting   | 5 |  5.1
Short Blades   | 1 |  1.2
Axes           | 1 |  1.2
Maces & Flails | 1 |  1.2
Polearms       | 1 |  1.2
Staves         | 1 |  1.2
Slings         | 1 |  1.2
Bows           | 1 |  1.2
Crossbows      | 1 |  1.2
Throwing       | 1 |  1.2
Armour         | 1 |  1.2
Dodging        | 1 |  1.2
Shields        | 1 |  1.2
Unarmed Combat | 1 |  1.2
Invocations    | 1 |  1.3
Conjurations   | 1 |  1.0
Charms         | 1 |  1.0
Summonings     | 1 |  1.0
Translocations | 1 |  1.0
Transmutations | 1 |  1.0
Fire Magic     | 1 |  1.0
Ice Magic      | 1 |  1.0
Air Magic      | 1 |  1.0
Earth Magic    | 1 |  1.0
Poison Magic   | 1 |  1.0
Fighting       | |  4.6
Long Blades    | |  2.8
Stealth        | |  2.6
Necromancy     | |  3.8
Evocations     | |  2.8

Action                   |  1- 3 |  4- 6 || total
-------------------------+-------+-------++-------
Melee: Dagger            |    91 |    82 ||   173
       Bite              |     9 |     7 ||    16
       Punch             |       |     1 ||     1
Throw: Dart              |       |     5 ||     5
 Stab: Sleeping          |     5 |     3 ||     8
  Eat: Chunk             |     1 |     2 ||     3
       Ration            |       |     1 ||     1
Armor: Robe              |    39 |    10 ||    49
Dodge: Dodged            |    67 |    57 ||   124
